 Dungeon Crawl Stone Soup version 0.29-a0-43-g62a80824bf (webtiles) character file.

Game seed: 7728278289615466118

90 bande the Skirmisher (level 4, -4/29 HPs)
             Began as a Gargoyle Fighter on Feb 2, 2022.
             Slain by a gnoll (5 damage)
             ... while paralysed by Grinder
             ... on level 3 of the Dungeon.
             The game lasted 00:04:10 (2848 turns).

bande the Skirmisher (Gargoyle Fighter)             Turns: 2848, Time: 00:04:10

Health: -4/29      AC: 13    Str: 20    XL:     4   Next: 56%
Magic:  4/4        EV:  2    Int:  8    God:
Gold:   24         SH:  0    Dex: 11    Spells: 3/3 levels left

rFire   . . .      SeeInvis .   a - +0 war axe (vorpal)
rCold   . . .      Faith    .   c - +0 buckler
rNeg    + . .      Spirit   .   f - +0 chain mail
rPois   ∞          Reflect  .   (no helmet)
rElec   +          Harm     .   (no cloak)
rCorr   .          Rampage  .   (no gloves)
Will    .....                   (no boots)
Stlth   ..........              (no amulet)
HPRegen 0.09/turn               (no ring)
MPRegen 0.09/turn               (no ring)

@: paralysed
A: sickness immunity, AC +3, negative energy resistance 1, electricity
resistance, torment resistance 1, petrification resistance
a: no special abilities


You were on level 3 of the Dungeon.
You visited 1 branch of the dungeon, and saw 3 of its levels.

You collected 79 gold pieces.
You spent 55 gold pieces at shops.

Inventory:

Hand Weapons
 a - a +0 vorpal war axe (weapon)
Armour
 c - a +0 buckler (worn)
 f - a +0 chain mail (worn)
Jewellery
 i - a +6 ring of intelligence
Wands
 b - a wand of paralysis (8)
Potions
 d - a potion of might
 e - a potion of ambrosia {unknown}
 g - 2 potions of curing {unknown}
 j - a potion of heal wounds
 l - 2 potions of brilliance {unknown}


   Skills:
 + Level 4.0 Fighting
 + Level 2.8 Axes
 + Level 3.9 Armour
 + Level 3.7 Shields
 * Level 0.4 Evocations


You had 3 spell levels left.
You didn't know any spells.
Your spell library was empty.

Dungeon Overview and Level Annotations

Branches:
Dungeon (3/15)

Altars:

Shops:
D:2 !

Annotations:
D:3 Grinder


Innate Abilities, Weirdness & Mutations

You are immune to sickness and miasma.
Your stone body is resilient. (AC +3)
You are immune to poison.
You resist negative energy. (rN+)
You are resistant to electric shocks. (rElec)
You are resistant to unholy torment.
You are immune to petrification.


Message History

A worm is nearby!
Found 25 stones.
The worm bites you.
You hit the worm.
The worm is moderately wounded.
You slash the worm!
You kill the worm!
No target in view!
No target in view!
No target in view!
No target in view!
No target in view!
HP restored.
g - 2 metallic coppery potions (gained 1)
Found an escape hatch in the floor.
A gnoll comes into view. It is wielding a +0 halberd.
The gnoll shouts!
You hear a shout!
A gnoll comes into view. It is wielding a +0 flail.
Grinder comes into view.
Grinder shouts!
The gnoll barely misses you. Grinder gestures at you.
You resist with significant effort.
A gnoll comes into view. It is wielding a +0 flail.
The gnoll shouts!
The gnoll barely misses you.
You hit the gnoll but do no damage. Grinder gestures at you.
You suddenly lose the ability to move!
The gnoll hits you with a +0 halberd! Grinder gestures at you.
Pain shoots through your body! The gnoll hits you but does no damage.
Grinder blinks!
The gnoll hits you with a +0 halberd.
* * * LOW HITPOINT WARNING * * *
The gnoll hits you with a +0 flail.
* * * LOW HITPOINT WARNING * * *
The gnoll hits you with a +0 halberd.
* * * LOW HITPOINT WARNING * * *
The gnoll hits you with a +0 flail.
You die...

,,,,,*,,,,,,^,,,* ###...........
,,,,,*,,*******,* #.............
,,,,,*,,* *** #...#######+##
,,,,,,,,* #...# ####,*# ******,**
#...# *#....## ,,,,,,,* #...#
*.......
*********###########...####.#####
,,,,,,,,,.....ggg##..............
,*********######@##.#############
,* *,,,,,.......>...# #....... ,*
*,****#######.##.# #.###..# ,*
*,* #.##.# *,* #... ,* *,*
#.##.#*****,* #.## ,* *,*
#5#...,,,,,,* #.# ,***,*
#....#******* #.# ,,,,,* #.####
#.# ****,* #.* #.#


You could see Grinder and 3 gnolls.

Vanquished Creatures
  Jessica (D:2)
  An adder (D:2)
  A worm (D:3)
  3 dart slugs
  An orc (D:3)
  2 bats
  3 endoplasms
  2 giant cockroaches
  5 goblins
  A hobgoblin (D:1)
  5 jackals
  2 quokkas (D:1)
  7 ball pythons
  5 kobolds
  5 rats
44 creatures vanquished.

Notes
Turn   | Place    | Note
-------+----------+-------------------------------------------
     0 | D:1      | bande the Gargoyle Fighter began the quest for the Orb.
     0 | D:1      | Reached XP level 1. HP: 14/14 MP: 1/1
   132 | D:1      | Reached XP level 2. HP: 8/19 MP: 2/2
   850 | D:1      | Reached XP level 3. HP: 23/24 MP: 3/3
  1302 | D:2      | Noticed Jessica
  1311 | D:2      | Killed Jessica
  1648 | D:2      | Reached XP level 4. HP: 29/29 MP: 4/4
  1957 | D:2      | Reached skill level 4 in Fighting
  2059 | D:2      | Found a faded altar of an unknown god.
  2104 | D:2      | Found Viatiow's Distillery.
  2153 | D:2      | Bought a potion of heal wounds for 55 gold pieces
  2841 | D:3      | Noticed Grinder
  2843 | D:3      | Paralysed by Grinder for 6 turns
  2847 | D:3      | HP: 1/29 [gnoll (1)]
  2848 | D:3      | Slain by a gnoll

Illustrated notes

Levels and vault maps discovered:
D:1:      tarquinn_simple_flora_water_d, layout_basic, feat_on_display
D:2:      layout_basic, serial_shops, nicolae_lakefront_shop,
          shapermc_ecumenical_altar_mp_vishouse, minmay_misc_feat_more_columns,
          uniq_jessica
D:3:      layout_basic, zin_academy, minmay_surrounded, uniq_grinder

Skill      XL: |  1  2  3  4 |
---------------+-------------+-----
Axes           | 2 |  2.8
Fighting       | 4 |  4.0
Armour         | |  3.9
Shields        | |  3.7
Evocations     | |  0.4

Action                   |  1- 3 |  4- 6 || total
-------------------------+-------+-------++-------
Melee: War axe           |   117 |    41 ||   158
  Use: Scroll            |     5 |     1 ||     6
Armor: Scale mail        |    60 |       ||    60
       Chain mail        |     6 |    24 ||    30
Dodge: Dodged            |    63 |    19 ||    82
Block: Buckler           |    28 |     8 ||    36

Table legend: (Time is in decaauts)
 A = Elapsed time spent in this place.
 B = Non-inter-level travel time spent in this place.
 C = Inter-level travel time spent in this place.
 D = Time resting spent in this place.
 E = Time spent auto-exploring this place.
 F = Levels seen in this place.
 G = Mean time per level.
                   A        B        C        D        E       F      G
               +--------+--------+--------+--------+--------+-----+--------+
         Total |   2915 |   2792 |    123 |    213 |   2155 |   3 |  971.7 |
       Dungeon |   2915 |   2792 |    123 |    213 |   2155 |   3 |  971.7 |
               +--------+--------+--------+--------+--------+-----+--------+

Top non-repeatable levels by time:
     D:2: 1460 daAuts
     D:1: 1305 daAuts
     D:3: 149 daAuts
